 Dungeon Crawl Stone Soup version 0.19.0 (webtiles) character file.

553 Gorglomux the Slinger (level 7, -2/56 HPs)
             Began as a Formicid Hunter on Nov 1, 2016.
             Was a Believer of Dithmenos.
             Slain by an orc priest (3 damage)
             ... on level 4 of the Dungeon.
             The game lasted 00:11:21 (3683 turns).

Gorglomux the Slinger (Formicid Hunter)             Turns: 3683, Time: 00:11:21

Health: -2/56      AC:  3    Str: 20 (21) XL:     7   Next: 55%
Magic:  16/16      EV: 11    Int: 10 (11) God:    Dithmenos [**....]
Gold:   116        SH:  0    Dex: 10 (13) Spells: 0 memorised, 6 levels left

rFire  . . .     SeeInvis +     b - +2 dagger (speed)
rCold  . . .     Gourm    .     c - +0 leather armour
rNeg   . . .     Faith    .     (no shield)
rPois  .         Spirit   .     (helmet unavailable)
rElec  .         Reflect  .     (no cloak)
rCorr  .         Harm     .     (no gloves)
MR     .....                    (no boots)
Stlth  +.........               (no amulet)
                                x - ring of wizardry
                                i - ring of magical power

@: mighty, wreathed by umbra
A: permanent stasis, dig shafts and tunnels, four strong arms, antennae 3
a: Dig, Shaft Self, Shadow Step, Renounce Religion


You were on level 4 of the Dungeon.
You worshipped Dithmenos.
Dithmenos was pleased with you.
You were not hungry.

You visited 1 branch of the dungeon, and saw 4 of its levels.

You collected 116 gold pieces.

Inventory:

Hand Weapons
 a - a +1 hunting sling
 b - a +2 dagger of speed (weapon)
 w - a +0 short sword
 C - a +2 whip of electrocution
 D - a +2 dagger of venom
Missiles
 d - 28 sling bullets
 h - 79 stones (quivered)
Armour
 c - a +0 leather armour (worn)
 E - +0 fire dragon scales
Jewellery
 i - a ring of magical power (left hand)
 x - a ring of wizardry (right hand)
Scrolls
 e - 2 scrolls of identify {unknown}
 g - a scroll of amnesia {unknown}
 k - a scroll of magic mapping {unknown}
 l - 2 scrolls of teleportation {unknown}
 m - 2 scrolls of fog {unknown}
 n - a scroll of remove curse {unknown}
 o - 3 scrolls of recharging {unknown}
 r - a scroll of enchant armour {unknown}
 s - a scroll of fear {unknown}
 u - a scroll of immolation {unknown}
 y - a scroll of blinking {unknown}
Potions
 p - a potion of lignification
 v - a potion of degeneration
 z - a potion of brilliance {unknown}
 B - a potion of mutation {unknown}
Comestibles
 f - 6 bread rations
 t - 4 fruits
 A - a chunk of flesh


   Skills:
 + Level 5.2 Fighting
 * Level 8.1 Slings
 - Level 1.7 Dodging
 - Level 1.2 Stealth


You had 6 spell levels left.
You didn't know any spells.

Dungeon Overview and Level Annotations

Branches:
Dungeon (4/15)
 Temple: D:4-7

Altars:
Dithmenos
Trog
Zin


Innate Abilities, Weirdness & Mutations

You are under a permanent stasis effect.
You can dig through walls and to a lower floor.
Your four strong arms can wield two-handed weapons with a shield.
You have a pair of large antennae on your head. (SInv)


Message History

You closely miss the orc priest.
The orc priest is heavily wounded.
The orc priest calls down the wrath of Beogh upon you.
Beogh smites you!
* * * LOW HITPOINT WARNING * * *
It was a potion of degeneration.
There was something very wrong with that liquid.
You feel weakened.
You feel dopey.
You feel clumsy.
The orc priest hits you but does no damage.
It was a potion of curing.
You feel better. The orc wizard hits you with a dagger.
* * * LOW HITPOINT WARNING * * *
The orc priest hits you.
* * * LOW HITPOINT WARNING * * *
It was a potion of might.
You feel very mighty all of a sudden. The orc wizard hits you with a dagger.
* * * LOW HITPOINT WARNING * * *
The orc priest hits you.
You die...

##### ##...## ##.....##
#### #......<###..#####
#.......##...)...########
#......o##.#####...).....
##.....o@................
#...(.###.########......
#...<.()##.# ######.
#.....(....# #.
#...=.(..(.. #..
##....(####.# ....
##...(. ... .##.. ###.#.
... . ..# .. . ..


You could see an orc priest and an orc wizard (invisible).

Vanquished Creatures
  Grinder (D:3)
  Sigmund (D:4)
  2 orc wizards (D:3)
  Robin (D:3)
  2 adders
  An ooze (D:2)
  A worm (D:3)
  3 dart slugs
  2 leopard geckos
  13 orcs
  4 giant cockroaches (D:2)
  21 goblins
  6 hobgoblins
  10 jackals
  5 kobolds
  4 quokkas (D:2)
  8 bats
  3 frilled lizards
  7 rats
95 creatures vanquished.

Notes
Turn   | Place    | Note
-------+----------+-------------------------------------------
     0 | D:1      | Gorglomux the Formicid Hunter began the quest for the Orb.
     0 | D:1      | Reached XP level 1. HP: 16/16 MP: 1/1
   426 | D:1      | Reached XP level 2. HP: 11/23 MP: 2/2
   844 | D:1      | Reached skill level 5 in Slings
   938 | D:1      | Reached XP level 3. HP: 28/28 MP: 3/3
  1465 | D:2      | Found a shadowy altar of Dithmenos.
  1504 | D:2      | Became a worshipper of Dithmenos the Shadowed
  1531 | D:2      | Reached XP level 4. HP: 35/35 MP: 4/4
  1973 | D:3      | Reached XP level 5. HP: 38/41 MP: 5/5
  2020 | D:3      | Reached skill level 6 in Slings
  2369 | D:3      | Found a bloodstained altar of Trog.
  2434 | D:3      | Noticed Grinder
  2454 | D:3      | Killed Grinder
  2454 | D:3      | Reached skill level 7 in Slings
  2454 | D:3      | Reached XP level 6. HP: 42/49 MP: 6/6
  2585 | D:3      | Reached * piety under Dithmenos
  2591 | D:3      | Found a glowing silver altar of Zin.
  2863 | D:3      | Noticed Robin
  2888 | D:3      | Reached XP level 7. HP: 50/55 MP: 7/7
  2900 | D:3      | Killed Robin
  3476 | D:3      | Reached ** piety under Dithmenos
  3523 | D:4      | Noticed Sigmund
  3635 | D:4      | Killed Sigmund
  3635 | D:4      | Reached skill level 5 in Fighting
  3635 | D:4      | Reached skill level 8 in Slings
  3680 | D:4      | HP: 1/56 [orc priest/divine providence (14)]
  3683 | D:4      | Slain by an orc priest

Skill      XL: |  1  2  3  4  5  6  7 |
---------------+----------------------+-----
Slings         | 5 7 8 |  8.1
Fighting       | 3 4 5 |  5.2
Dodging        | |  1.7
Stealth        | |  1.2

Action                   |  1- 3 |  4- 6 |  7- 9 || total
-------------------------+-------+-------+-------++-------
Melee: Short sword       |     4 |    47 |       ||    51
       Whip              |       |       |    14 ||    14
       Dagger            |       |       |     5 ||     5
 Fire: Hunting sling     |    79 |   135 |    45 ||   259
 Abil: Dig               |       |     2 |       ||     2
  Use: Potion            |       |     3 |     3 ||     6
 Stab: Sleeping          |       |       |     2 ||     2
  Eat: Chunk             |     2 |     4 |     2 ||     8
Armor: Leather armour    |     6 |    11 |     7 ||    24
       Skin              |       |    29 |       ||    29
Dodge: Dodged            |     8 |    45 |    18 ||    71
